 Dungeon Crawl Stone Soup version 0.29-a0-559-g359e09b9d1 (webtiles) character file.

Game seed: 11948821396211133968

2293 dohliylev the Ruffian (level 9, -4/88 HPs)
             Began as a Troll Warper on June 10, 2022.
             Was a Believer of Okawaru.
             Slain by a killer bee (7 damage)
             ... on level 8 of the Dungeon.
             The game lasted 00:18:05 (7284 turns).

dohliylev the Ruffian (Troll Warper)                Turns: 7284, Time: 00:18:05

Health: -4/88      AC:  5    Str: 31    XL:     9   Next: 17%
Magic:  9/11       EV: 14    Int:  9    God:    Okawaru [**....]
Gold:   433        SH:  5    Dex:  9    Spells: 10/12 levels left

rFire   . . .      SeeInvis .     - Unarmed
rCold   . . .      Faith    .   (no shield)
rNeg    . . .      Spirit   .   a - +0 robe
rPois   .          Reflect  +   (helmet restricted)
rElec   .          Harm     .   A - +0 cloak
rCorr   .          Rampage  .   (gloves unavailable)
Will    .....                   (boots unavailable)
Stlth   +.........              H - amulet of reflection
HPRegen 1.04/turn               M - +4 ring of evasion
MPRegen 0.12/turn               E - +6 ring of strength

@: no status effects
A: large, unfitting armour, claws 3, regeneration 1, shaggy fur 1, tough skin 1
a: Renounce Religion, Heroism


You were on level 8 of the Dungeon.
You worshipped Okawaru.
Okawaru was pleased with you.
You visited 2 branches of the dungeon, and saw 9 of its levels.

You collected 433 gold pieces.

Inventory:

Missiles
 c - 2 boomerangs of dispersal
 v - 6 atropa-tipped darts
 w - 4 boomerangs (quivered)
 K - 2 poisoned darts
 N - a curare-tipped dart
Armour
 a - a +0 robe (worn)
 A - a +0 cloak (worn)
Jewellery
 C - a ring of ice
 E - a +6 ring of strength (right claw)
 H - an amulet of reflection (around neck)
 J - a ring of ice
 L - a +4 ring of protection
 M - a +4 ring of evasion (left claw)
Wands
 x - a wand of iceblast (13)
Scrolls
 b - 2 scrolls of blinking
 d - 4 scrolls of enchant armour
 j - 5 scrolls of identify
 k - a scroll of acquirement {unknown}
 l - a scroll of torment {unknown}
 m - 2 scrolls of magic mapping
 n - 3 scrolls of vulnerability {unknown}
 o - a scroll of fog {unknown}
 u - 2 scrolls of enchant weapon {unknown}
 y - a scroll of teleportation {unknown}
 D - 3 scrolls of poison {unknown}
 O - a scroll of noise {unknown}
Potions
 e - 3 potions of curing {unknown}
 f - a potion of mutation {unknown}
 g - a potion of attraction {unknown}
 h - a potion of brilliance {unknown}
 i - a potion of lignification {unknown}
 p - 2 potions of heal wounds {unknown}
 q - 2 potions of haste {unknown}
 r - 2 potions of ambrosia {unknown}
 s - 2 potions of might {unknown}
 t - a potion of magic {unknown}
 z - 3 potions of berserk rage {unknown}
 B - a potion of resistance {unknown}
 F - a potion of cancellation {unknown}
 G - a potion of invisibility {unknown}
 I - a potion of degeneration {unknown}


   Skills:
 * Level 5.4 Fighting
 + Level 2.7 Throwing
 + Level 4.4 Dodging
 + Level 0.2 Shields
 + Level 7.8 Unarmed Combat
 + Level 2.2 Spellcasting
 + Level 3.2 Translocations


You had 10 spell levels left.
You knew the following spells:

 Your Spells              Type           Power      Damage    Failure   Level
a - Blink                 Tloc           12%        N/A       13%         2

Your spell library contained the following spells:

 Spells                   Type           Power      Damage    Failure   Level
 Gell's Gravitas          Tloc           6%         N/A       26%         3
 Lesser Beckoning         Tloc           6%         N/A       26%         3
 Teleport Other           Tloc           6%         N/A       26%         3
 Foxfire                  Conj/Fire      4%         2x1d4     32%         1
 Conjure Flame            Conj/Fire      1%         6-21      69%         3
 Frozen Ramparts          Ice            2%         1d2       69%         3
 Inner Flame              Hex/Fire       1%         N/A       69%         3
 Manifold Assault         Tloc           6%         N/A       94%         5
 Flame Wave               Conj/Fire      1%         2d4       97%         4
 Ice Form                 Ice/Tmut       1%         N/A       97%         4
 Summon Ice Beast         Ice/Summ       Unusable   N/A       N/A         4

Dungeon Overview and Level Annotations

Branches:
Dungeon (8/15)             Temple (1/1) D:6
   Lair: D:8-11

Altars:
Ashenzari
Dithmenos
Elyvilon
Gozag
Hepliaklqana
Kikubaaqudgha
Makhleb
Okawaru
Qazlal
Ru
Sif Muna
Trog
Uskayaw
Wu Jian
Xom
Yredelemnul
Zin
The Shining One

Shops:
D:2 *   D:5 *   D:6 =


Innate Abilities, Weirdness & Mutations

You are too large for most types of armour.
You have claws for hands.
Your natural rate of healing is unusually fast.
You are covered in fur. (AC +1)
You have tough skin. (AC +1)


Message History

Found a leather armour.
You feel sick.
The shadow slips into darkness.
The shadow flickers and vanishes!
Deactivating autopickup; reactivate with Ctrl-A.
You feel sick. The white imp attacks as you move away!
The white imp barely misses you.
You feel sick. You block the killer bee's attack.
The sky beast attacks as you move away! The sky beast misses you.
The killer bee attacks as you move away!
You block the killer bee's attack.
A centaur warrior and an ice beast come into view.
You feel sick.
The centaur warrior shouts!
You hear a shout!
The killer bee barely misses you.
The centaur warrior wields a +0 shortbow.
The centaur warrior shoots an arrow.
The arrow closely misses you.
The ice beast moves out of view.
The sky beast attacks as you move away! The sky beast hits you.
The sky beast shocks you.
Found a blackened ivory ring.
You feel stable enough to blink again.
You feel sick. The killer bee closely misses you.
An orc comes into view. It is wielding a +0 hand axe.
The killer bee attacks as you move away!
The killer bee closely misses you.
You feel sick.
The orc shouts!
You hear a shout!
The centaur warrior shoots an arrow.
You reflect the arrow off an invisible shield around you!
The arrow completely misses the centaur warrior.
The killer bee stings you but does no damage.
You see here a +0 leather armour.
The shadow strikes at you from the darkness!
Reactivating autopickup. 3 orcs come into view.
You feel sick.
You are no longer poisoned.
The orc shouts! x2; You hear an angry hiss.
The centaur warrior shoots an arrow.
The arrow hits you!!
* * * LOW HITPOINT WARNING * * *
The killer bee stings you!
You die...

,,,,,,******,**,* *,,,* *,,,,
,,,,,,,,,....##,* **,,# ***,,
*,,,,,,,,......,*##*..# *,,
*,,,,,,,,,.....,,..,..# *,,
*,,*,,,*,,,#...#,.,#..# ***
*,,,*,*,,.#,#Y..#.#...#
*,,,,*,,,#o..#...#....#
*,,,,,,,,.............#
*,,*,,,*,,,*.,.#@..#..#
*,,,*,*,,,*,#...#y#...#
*,,,,*,,,#oo.#c.{#.5..#
*,,,,,,,,...o.........#
*,,*,,,*,,.#...#...#l.# *******
*,,,*,*,,,#=#...#.#...# *,,,,,**
*,,,,*,,,#...#...#...?##**,,,,,,,
*,,,,,,,,............>...+,,,,,,,
*,,*,,,*,,.#...#...#.#####,,,,,,,


You could see a centaur warrior, a komodo dragon, an ice beast, a killer bee, a
white imp and 4 orcs.

Vanquished Creatures
  Grinder (D:3)
  Edmund (D:5)
  A water moccasin (D:5)
  An ice beast (D:7)
  2 black bears
  3 sky beasts
  A centaur (D:7)
  A phantom (D:6)
  A kobold brigand (D:7)
  4 bullfrogs
  A necrophage (D:7)
  3 scorpions
  3 jellies
  2 hounds
  Crazy Yiuf (D:5)
  A gnoll shaman (D:6)
  2 iguanas
  12 gnolls
  10 adders
  A shadow imp (D:7)
  2 white imps
  2 ufetubi (D:5)
  5 worms
  A dart slug (D:1)
  9 orcs
  4 ball pythons
  8 endoplasms
  A giant cockroach (D:3)
  4 goblins
  7 hobgoblins
  4 quokkas
  5 bats
  3 frilled lizards
  10 kobolds
  2 rats (D:2)
119 creatures vanquished.

Notes
Turn   | Place    | Note
-------+----------+-------------------------------------------
     0 | D:1      | dohliylev the Troll Warper began the quest for the Orb.
     0 | D:1      | Reached XP level 1. HP: 19/19 MP: 1/1
   226 | D:1      | Found a faded altar of an unknown god.
   237 | D:1      | Reached XP level 2. HP: 25/27 MP: 3/3
   315 | D:1      | Learned a level 2 spell: Blink
   544 | D:2      | Found Fiotauma's General Store.
   639 | D:2      | Reached XP level 3. HP: 30/35 MP: 4/4
  1167 | D:3      | Noticed Grinder
  1171 | D:3      | Paralysed by Grinder for 3 turns
  1182 | D:3      | Paralysed by Grinder for 5 turns
  1195 | D:3      | Found a glowing silver altar of Zin.
  1195 | D:3      | Paralysed by Grinder for 3 turns
  1206 | D:3      | Paralysed by Grinder for 4 turns
  1217 | D:3      | Paralysed by Grinder for 2 turns
  1243 | D:3      | Paralysed by Grinder for 2 turns
  1279 | D:3      | Paralysed by Grinder for 5 turns
  1321 | D:3      | Paralysed by Grinder for 2 turns
  1432 | D:3      | Reached XP level 4. HP: 36/42 MP: 5/5
  1437 | D:3      | Reached skill level 1 in Throwing
  1634 | D:3      | Paralysed by Grinder for 4 turns
  1641 | D:3      | Paralysed by Grinder for 4 turns
  1688 | D:3      | Identified the +3 leather armour "Vaunour" {Will+ MP+9}
  1839 | D:3      | Paralysed by Grinder for 5 turns
  1997 | D:3      | Paralysed by Grinder for 4 turns
  2149 | D:4      | Found a shimmering blue altar of Sif Muna.
  2190 | D:4      | Reached skill level 3 in Unarmed Combat
  2288 | D:4      | Found a white marble altar of Elyvilon.
  2306 | D:4      | Reached XP level 5. HP: 46/49 MP: 6/6
  2594 | D:4      | Noticed a black bear
  2640 | D:4      | Killed a black bear
  2992 | D:5      | Entered Level 5 of the Dungeon
  2992 | D:5      | Noticed a black bear
  2999 | D:5      | Killed a black bear
  3000 | D:5      | Reached XP level 6. HP: 53/59 MP: 6/8
  3121 | D:5      | Reached skill level 4 in Unarmed Combat
  3211 | D:5      | Reached XP level 7. HP: 53/67 MP: 9/9
  3414 | D:5      | Found Mostaugu's Lightly-Used Armoury.
  3483 | D:5      | Found a runed translucent door.
  3484 | D:5      | Noticed Crazy Yiuf
  3492 | D:5      | Killed Crazy Yiuf
  3581 | D:5      | Noticed Edmund
  3592 | D:5      | Killed Edmund
  3593 | D:5      | Reached skill level 5 in Unarmed Combat
  3747 | D:5      | Found a glowing golden altar of the Shining One.
  5062 | D:3      | Paralysed by Grinder for 4 turns
  5073 | D:3      | Paralysed by Grinder for 3 turns
  5077 | D:3      | Killed Grinder
  5078 | D:3      | Reached XP level 8. HP: 58/76 MP: 10/10
  5143 | D:6      | Found Sule's Jewellery Shoppe.
  5166 | D:6      | Found a staircase to the Ecumenical Temple.
  5172 | Temple   | Entered the Ecumenical Temple
  5247 | Temple   | Became a worshipper of Warmaster Okawaru
  5320 | D:6      | Reached skill level 6 in Unarmed Combat
  5629 | D:6      | Found a basalt altar of Yredelemnul.
  5750 | D:6      | Reached * piety under Okawaru
  5773 | D:6      | Reached skill level 7 in Unarmed Combat
  5791 | D:6      | Found a broken altar of Ashenzari.
  6313 | D:7      | Reached skill level 5 in Fighting
  6520 | D:7      | Found a stormy altar of Qazlal.
  6674 | D:7      | Reached XP level 9. HP: 48/88 MP: 11/11
  6944 | D:7      | Found a hide-covered altar of Uskayaw.
  6947 | D:7      | Noticed a +0 dagger
  6948 | D:7      | Noticed a +0 dagger
  6978 | D:7      | Reached ** piety under Okawaru
  7272 | D:8      | Noticed a komodo dragon
  7281 | D:8      | Noticed a centaur warrior
  7284 | D:8      | HP: 3/88 [centaur warrior/arrow (28)]
  7284 | D:8      | Slain by a killer bee

Illustrated notes

Levels and vault maps discovered:
D:1:      dpeg_arrival_boxorama, layout_rooms, chequers_ecumenical_altar_island,
          nrook_mini_vaults, minmay_indecisive_spiral
D:2:      layout_loops_ring, serial_shops, nicolae_shop_statue_plus
D:3:      layout_loops_corners, lemuel_doored_altar, uniq_grinder
D:4:      layout_loops_cross, elyvilon_altar_1,
          mainiacjoe_overflow_cross_hatched, dreamdust_princess_bridge,
          kennysheep_generic_room_4
D:5:      layout_layer_cave, tso_altar, minmay_misc_feat_columns,
          minmay_shop_damaged, kennysheep_path_1, uniq_crazy_yiuf_cottage,
          uniq_edmund
D:6:      layout_loops_ring, nicolae_overflow_crystal_walls, lemuel_round_altar,
          minmay_temple_entry_overgrown, serial_shops,
          nicolae_shop_hallway_stairs, water_boxes_lemuel
D:7:      layout_gridville, dancing_weapons_uskayaw,
          mainiacjoe_overflow_24_doors
D:8:      cheibrodos_fzero, layout_basic, lemuel_crystal_altar, enter_bailey_1,
          serial_shops, nicolae_square_shop
Temple:   eino_wide_crystal_templ

Skill      XL: |  1  2  3  4  5  6  7  8 |
---------------+-------------------------+-----
Dodging        | 2 3 4 |  4.4
Fighting       | 2 3 5 |  5.4
Throwing       | 1 2 |  2.7
Unarmed Combat | 3 4 5 7 |  7.8
Spellcasting   | 2 |  2.2
Translocations | 3 |  3.2
Shields        | |  0.2

Action                   |  1- 3 |  4- 6 |  7- 9 || total
-------------------------+-------+-------+-------++-------
Melee: Unarmed           |    83 |   110 |   174 ||   367
       Punch             |     1 |       |     8 ||     9
Throw: Dart              |    12 |    27 |    11 ||    50
       Boomerang         |     4 |     1 |     4 ||     9
 Cast: Blink             |     6 |    13 |     4 ||    23
  Use: Scroll            |       |       |     3 ||     3
 Stab: Sleeping          |       |       |     2 ||     2
Armor: Robe              |    25 |    31 |    31 ||    87
Dodge: Dodged            |    31 |    67 |    84 ||   182
Block: Other             |       |       |    16 ||    16
       Reflection        |       |       |     3 ||     3

Table legend: (Time is in decaauts)
 A = Elapsed time spent in this place.
 B = Non-inter-level travel time spent in this place.
 C = Inter-level travel time spent in this place.
 D = Time resting spent in this place.
 E = Time spent auto-exploring this place.
 F = Levels seen in this place.
 G = Mean time per level.
                   A        B        C        D        E       F      G
               +--------+--------+--------+--------+--------+-----+--------+
         Total |   7263 |   6929 |    334 |    385 |   4688 |   9 |  807.0 |
       Dungeon |   7162 |   6840 |    322 |    354 |   4661 |   8 |  895.2 |
        Temple |    100 |     88 |     12 |     31 |     27 |   1 |  100.0 |
               +--------+--------+--------+--------+--------+-----+--------+

Top non-repeatable levels by time:
     D:5: 1525 daAuts
     D:3: 1464 daAuts
     D:6: 1026 daAuts
     D:7: 980 daAuts
     D:4: 934 daAuts
     D:2: 698 daAuts
     D:1: 511 daAuts
  Temple: 100 daAuts
     D:8: 20 daAuts
